 Dungeon Crawl Stone Soup version 0.31-a0-1611-g890cdf5628 (webtiles) character file.

Game seed: 965323370166169233

531380 Aldia the Invulnerable (level 24, -14/213 HPs)
             Began as an Armataur Fighter on Jan 8, 2024.
             Was an Elder of Okawaru.
             Killed from afar by an orb of fire (22 damage)
             ... with a fireball
             ... on level 3 of the Realm of Zot.
             The game lasted 02:20:01 (59956 turns).

Aldia the Invulnerable (Armataur Fighter)          Turns: 59956, Time: 02:20:01

Health: -14/213    AC: 57    Str: 37      XL:     24   Next: 43%
Magic:  28/28      EV:  8    Int: 13 (14) God:    Okawaru [****..]
Gold:   5207       SH: 20    Dex:  9 (10) Spells: 20/23 levels left

rFire   . . .        S - +18 lance "Wyrmbane" {slay drac, rPois rF+ rC+ AC+3}
rCold   + + .        l - +1 kite shield {AC+3}
rNeg    . . .        C - +6 crystal plate armour {ponderous}
rPois   +            c - +0 helmet
rElec   +            d - +2 cloak
rCorr   .            L - +1 pair of gloves
SInv    .            T - +4 barding {rC+}
Will    +....        O - amulet of Caextoy {Reflect Regen+ SH+5} Stlth
                     m - ring "Viypno Hezech" {Fly rElec Str+3 Int+6 Slay+4}
HPRegen 2.15/turn    r - +4 ring of protection
MPRegen 0.21/turn

%: reflection, roll
@: heroic, finesse-ful, corroded, flying, studying 3 skills, slow
A: large, deformed body, tough skin 3, armoured tail, roll 2, deterioration 2,
frail 1, low MP 1, regeneration 1, heat vulnerability 1, inability to read after
injury 1, devolution 1
}: 3/15 runes: decaying, serpentine, slimy
a: Renounce Religion, Heroism, Finesse


You were on level 3 of the Realm of Zot.
You worshipped Okawaru.
Okawaru was greatly pleased with you.
You visited 12 branches of the dungeon, and saw 52 of its levels.
You visited the Abyss 1 time.
You also visited: Ossuary, Bailey and Wizlab.

You collected 8805 gold pieces.
You spent 3598 gold pieces at shops.

Inventory:

Hand Weapons
 S - the +18 lance "Wyrmbane" (weapon) {slay drac, rPois rF+ rC+ AC+3}
   (Okawaru gifted it to you on level 8 of the Dungeon)

   AC+3:      It affects your AC (+3).
   rF+:       It protects you from fire.
   rC+:       It protects you from cold.
   rPois:     It protects you from poison
Missiles
 i - 7 throwing nets
 s - 11 silver javelins (quivered)
 M - 35 javelins
Armour
 c - a +0 helmet (worn)
 d - a +2 cloak (worn)
 l - a +1 kite shield of protection (worn)
 C - a +6 crystal plate armour of ponderousness (worn)
 L - a +1 pair of gloves (worn)
 T - a +4 barding of cold resistance (worn)
Jewellery
 m - the ring "Viypno Hezech" (left hand) {Fly rElec Str+3 Int+6 Slay+4}
   (You found it on level 2 of the Vaults)

   [ring of intelligence]

   Str+3:     It affects your strength (+3).
   Int+6:     It affects your intelligence (+6).
   Slay+4:    It affects your accuracy & damage with ranged weapons and melee
   (+4).
   rElec:     It insulates you from electricity.
   Fly:       It grants you flight.
 r - a +4 ring of protection (right hand)
 u - a ring of protection from fire
 z - a ring of willpower
 F - a ring of see invisible
 G - the ring "Hiuj" {rC+ rN+ Str+5}
   (You found it on level 4 of the Swamp)

   [ring of protection from cold]

   Str+5:     It affects your strength (+5).
   rC+:       It protects you from cold.
   rN+:       It protects you from negative energy.
 O - the amulet of Caextoy (around neck) {Reflect Regen+ SH+5}
   (You acquired it on level 5 of the Pits of Slime)

   [amulet of reflection]

   Reflect:   It reflects blocked missile attacks.
   Regen+:    It increases your rate of health regeneration.
   SH+5:      It affects your SH (+5).
 U - a ring of resist corrosion
Wands
 a - a wand of quicksilver (30)
 P - a wand of mindburst (51)
 V - a wand of digging (24)
 Y - a wand of polymorph (15)
 Z - a wand of iceblast (42)
Scrolls
 b - 3 scrolls of revelation
 f - 5 scrolls of fear
 h - 3 scrolls of immolation
 j - 13 scrolls of poison
 k - 9 scrolls of fog
 v - 4 scrolls of silence
 y - 5 scrolls of amnesia
 H - 16 scrolls of teleportation
 I - 7 scrolls of noise
 N - 4 scrolls of blinking
 X - 3 scrolls of torment
Potions
 g - 7 potions of might
 n - 5 potions of haste
 o - 24 potions of curing
 p - 5 potions of enlightenment
 t - 7 potions of attraction
 w - a potion of resistance
 x - 6 potions of lignification
 A - 2 potions of cancellation
 B - 10 potions of brilliance
 D - 7 potions of invisibility
 E - 2 potions of berserk rage
 Q - 4 potions of ambrosia
 R - 4 potions of magic
 W - 10 potions of heal wounds
Miscellaneous
 e - a phial of floods
 q - a condenser vane


   Skills:
 + Level 23.7(27) Fighting
 - Level 3.8(8.8) Maces & Flails
 - Level 13.0(18.0) Polearms
 - Level 13.0(18.0) Throwing
 O Level 27 Armour
 - Level 11.3(16.3) Dodging
 - Level 14.0(19.0) Shields
 - Level 9.0 Translocations
 - Level 11.0 Invocations
 - Level 6.0 Evocations


You had 20 spell levels left.
You knew the following spells:

 Your Spells              Type           Power      Damage    Failure   Level
a - Blink                 Tloc           46%        N/A       5%          2
b - Apportation           Tloc           46%        N/A       3%          1

Your spell library contained the following spells:

 Spells                   Type           Power      Damage    Failure   Level
 Lesser Beckoning         Tloc           46%        N/A       5%          2
 Gell's Gravitas          Tloc           23%        N/A       11%         3
 Teleport Other           Tloc           23%        N/A       11%         3
 Momentum Strike          Conj/Tloc      22%        3d8       34%         2
 Manifold Assault         Tloc           23%        N/A       34%         4
 Passage of Golubria      Tloc           23%        N/A       34%         4
 Volatile Blastmotes      Fire/Tloc      22%        2d11      56%         3
 Necrotise                Necr           0%         1d4       82%         1
 Shock                    Conj/Air       0%         1d3       82%         1
 Sting                    Conj/Alch      0%         1d3       82%         1
 Jinxbite                 Hex            0%         N/A       91%         2
 Mercury Vapours          Alch/Air       0%         N/A       91%         2
 Sublimation of Blood     Necr           0%         N/A       91%         2
 Dimensional Bullseye     Hex/Tloc       5%         N/A       92%         4
 Iskenderun's Mystic Bla  Conj/Tloc      11%        2d4       92%         4
 Dazzling Flash           Conj/Hex       0%         N/A       99%         3
 Fugue of the Fallen      Necr           0%         N/A       99%         3
 Hailstorm                Conj/Ice       0%         3d5       99%         3
 Inner Flame              Hex/Fire       0%         N/A       99%         3
 Mephitic Cloud           Conj/Alch/Air  0%         N/A       99%         3
 Ozocubu's Armour         Ice            0%         N/A       99%         3
 Sigil of Binding         Hex            0%         N/A       99%         3
 Swiftness                Air            0%         N/A       99%         3
 Vampiric Draining        Necr           0%         2d6       99%         3
 Dispersal                Tloc           11%        N/A       99%         6
 Airstrike                Air            0%         2d(0-16)  100%        4
 Fulminant Prism          Conj/Alch      0%         3d5       100%        4
 Ignite Poison            Fire/Alch      0%         N/A       100%        4
 Olgreb's Toxic Radiance  Alch           0%         N/A       100%        4
 Petrify                  Alch/Erth      0%         N/A       100%        4
 Sticky Flame             Fire/Alch      0%         2d4       100%        4
 Alistair's Intoxication  Alch           0%         N/A       100%        5
 Borgnjor's Vile Clutch   Necr/Erth      0%         N/A       100%        5
 Curse of Agony           Necr           0%         N/A       100%        5
 Irradiate                Conj/Alch      0%         3d11      100%        5
 Iskenderun's Battlesphe  Conj           0%         2d6       100%        5
 Lee's Rapid Deconstruct  Erth           0%         3d4*      100%        5
 Silence                  Hex/Air        0%         N/A       100%        5
 Bombard                  Conj/Erth      0%         9d1       100%        6
 Conjure Ball Lightning   Conj/Air       0%         3x3d6     100%        6
 Starburst                Conj/Fire      0%         6d3       100%        6
 Orb of Destruction       Conj           0%         9d5       100%        7
 Borgnjor's Revivificati  Necr           0%         N/A       100%        8
 Discord                  Hex            0%         N/A       100%        8
 Disjunction              Tloc           11%        N/A       100%        8
 Ignition                 Fire           0%         3d3       100%        8
 Lehudib's Crystal Spear  Conj/Erth      0%         10d2      100%        8
 Maxwell's Capacitive Co  Air            0%         ∞         100%        8
 Death's Door             Necr           0%         N/A       100%        9
 Shatter                  Erth           0%         3d5*      100%        9
 Call Imp                 Summ           Unusable   N/A       N/A         2
 Call Canine Familiar     Summ           Unusable   N/A       N/A         3
 Summon Ice Beast         Ice/Summ       Unusable   N/A       N/A         3
 Tukima's Dance           Hex            Unusable   N/A       N/A         3
 Animate Armour           Summ/Erth      Unusable   N/A       N/A         4
 Animate Dead             Necr           Unusable   N/A       N/A         4
 Martyr's Knell           Necr/Summ      Unusable   N/A       N/A         4
 Summon Blazeheart Golem  Fire/Summ      Unusable   N/A       N/A         4
 Summon Lightning Spire   Summ/Air       Unusable   N/A       N/A         4
 Death Channel            Necr           Unusable   N/A       N/A         6
 Sculpt Simulacrum        Ice/Alch       Unusable   N/A       N/A         6
 Haunt                    Necr/Summ      Unusable   N/A       N/A         7
 Spellforged Servitor     Conj/Summ      Unusable   N/A       N/A         7
 Summon Hydra             Summ           Unusable   N/A       N/A         7

Dungeon Overview and Level Annotations

Branches:
Dungeon (15/15)            Temple (1/1) D:7            Lair (5/5) D:8
  Swamp (4/4) Lair:3        Snake (4/4) Lair:3        Slime (5/5) Lair:5
    Orc (2/2) D:11            Elf (2/3) Orc:2        Vaults (4/5) D:13
  Crypt (3/3) Vaults:2       Tomb (0/3) Crypt:3      Depths (4/4) D:15
    Zot (3/5) Depths:4    Ossuary (visited)          Bailey (visited)
 WizLab (visited)

Altars:
Ashenzari
Cheibriados
Dithmenos
Elyvilon
Fedhas
Kikubaaqudgha
Makhleb
Nemelex Xobeh
Okawaru
Qazlal
Ru
Trog
Uskayaw
Vehumet
Wu Jian
Xom
Yredelemnul
The Shining One

Shops:
D:8 *   Orc:2 **[[   Elf:2 :   Vaults:3 !((?   Depths:3 ??

Portals:
Hell: Depths:1 Depths:2 Depths:3 Depths:4
Abyss: Depths:1 Depths:2 Depths:3 Depths:4
Pandemonium: Depths:2
Ziggurat: Depths:4

Annotations:
D:10 6 transporters
Elf:2 3 runed translucent doors, Zenata
Crypt:2 9 runed translucent doors
Zot:3 exclusion: orb of fire


Innate Abilities, Weirdness & Mutations

Armour fits poorly on your strangely shaped body.
You have extremely tough skin. (AC +3)
You have a long armoured tail.
You regenerate magic and health when rolling toward enemies. (Rampage Regen)
Your body often deteriorates upon taking damage.
You are frail. (-10% HP)
Your magical capacity is low. (-10% MP)
Your natural rate of healing is unusually fast.
You are vulnerable to heat. (rF-)
You occasionally lose the ability to read scrolls when taking damage.
You have hidden genetic defects.


Message History

Okawaru accepts your kill.
You feel sick.
The yellow draconian annihilator casts a spell at you.
You block the iron shot... and reflect it back!
The iron shot hits the yellow draconian annihilator!!!
You feel sick.
You are no longer poisoned.
The orb of fire emits a lurid red light.
Strange energies course through your body.
You feel frail.
The orb of fire glows bright magenta.
Strange energies course through your body.
You feel less energetic.
The yellow draconian annihilator gestures wildly while chanting.
The yellow draconian annihilator blinks!
The yellow draconian annihilator casts a spell.
The yellow draconian annihilator blinks!
The orb of fire glows bright magenta.
The fireball explodes!
The fireball engulfs you!!!
* * * LOW HITPOINT WARNING * * *
The fireball engulfs the orb of fire.
The orb of fire completely resists.
Unknown command.
Unknown command.
Blink to where?
Press: ? - help, Dir - move target
As you read the scroll of blinking, it crumbles to dust.
The orb of fire glows red.
The bolt of fire hits you but does no damage.
Unknown command.
Unknown command.
Blink to where?
Press: ? - help, Dir - move target
As you read the scroll of blinking, it crumbles to dust.
Unknown command.
The orb of fire glows bright magenta.
The fireball explodes!
The fireball engulfs you!
* * * LOW HITPOINT WARNING * * *
The orb of fire emits a lurid red light.
The fireball explodes!
The fireball engulfs you!!
You die...

#.. ..## ..# ..## ...## ##
.... ...#####...## ##......#
#..##......## #...##...#
#.#........#
....##...##...........
#...##...#...#.......
#...##.....##.......
#.@.##..####.......
##...##...##....... .#
###...#....#..#.... ...#
##.##.*...#....##... ....#
##...##...##.#..##...
....##..#..#*.##.....#...§ .
#...##......##.........≈§ ..
#...##..*.##...........≈
...###...##..##...........≈≈


You could see 2 orbs of fire.

Vanquished Creatures
  the Royal Jelly (Slime:5)
  Mennas (Crypt:2)
  An orb of fire (Zot:2)
  Mara (Swamp:3)
  2 juggernauts
  5 caustic shrikes (Depths:4)
  the Enchantress (Arena)
  7 golden dragons
  Jory (Crypt:1)
  An electric golem (Zot:1)
  Jorgrun (Swamp:3)
  Rupert (D:14)
  Mlioglotl (Swamp:2)
  7 liches
  14 tentacled monstrosities
  Asterion (Vaults:2)
  A titan (Depths:3)
  A quicksilver dragon (Zot:2)
  5 sphinxes
  21 acid blobs
  A thorn hunter (Swamp:4)
  5 death cobs
  Kirke (D:14)
  An ancient champion (Crypt:2)
  Frances (Swamp:1)
  A shadow dragon (Depths:3)
  Roxanne (D:14)
  7 nagarajas (Snake:4)
  2 storm dragons
  5 tengu reavers
  Donald (Swamp:2)
  13 azure jellies
  A draconian knight (Zot:2)
  7 fire giants
  A draconian monk (Zot:1)
  A fenstrider witch (Swamp:2)
  9 rockslimes
  7 protean progenitors
  A draconian shifter (Zot:2)
  7 frost giants
  2 revenants (Crypt:3)
  5 draconian scorchers
  12 vault wardens
  An iron dragon (Depths:2)
  2 ghost moths
  The ghost of Imulidwi the Warrior, a journeyman OpFi of Okawaru (D:15)
  Louise (Swamp:1)
  A curse skull (Crypt:3)
  4 spriggan defenders (Depths:2)
  3 cacodemons
  4 formless jellyfish
  4 draconian annihilators
  13 ironbound preservers
  12 very ugly things
  2 orc warlords (Vaults:2)
  A caustic shrike skeleton (Crypt:3)
  4 stone giants
  7 quicksilver oozes
  7 ironbound thunderhulks
  2 broodmothers (Zot:3)
  7 black draconians
  A deep elf demonologist (Elf:1)
  A deep elf annihilator (Vaults:2)
  4 green draconians (Zot:2)
  5 eleionomae
  10 vampire knights
  5 war gargoyles
  2 purple draconians
  9 yellow draconians
  12 dire elephants
  7 white draconians
  4 spark wasps
  5 ettins
  4 bunyips
  4 red draconians
  7 jiangshi (Crypt:2)
  5 eidola
  A green death (WizLab)
  2 blizzard demons
  A mummy priest (Crypt:3)
  9 fire dragons
  A fenstrider witch zombie (Crypt:1)
  A merfolk javelineer (Depths:4)
  An entropy weaver (Vaults:1)
  11 great orbs of eyes
  8 ice dragons
  Josephine (D:15)
  23 hydras
  Harold (D:11)
  12 yaktaur captains
  3 rakshasas
  17 vault guards
  3 peacekeepers
  A salamander tyrant (Snake:3)
  7 ghost crabs
  2 catoblepae
  A hell beast (WizLab)
  An anaconda (Snake:3)
  6 ironbound frosthearts
  2 radroaches (Zot:2)
  9 centaur warriors
  4 boulder beetles
  3 spriggan air magi
  6 alligators
  An ogre mage (D:15)
  16 death yaks
  14 dancing weapons
  3 death knights
  7 vampire magi
  9 two-headed ogres
  8 deep troll shamans
  19 naga warriors
  5 tengu warriors
  2 occultists
  2 shock serpents
  9 spriggan berserkers
  5 soul eaters
  7 orc high priests
  5 deep troll earth magi
  Urug (D:13)
  2 sun demons (WizLab)
  10 hell knights
  3 deep elf knights (Elf:1)
  8 naga sharpshooters
  A shadow wraith (Crypt:2)
  An emperor scorpion zombie (Crypt:1)
  A fire crab (shapeshifter) (D:13)
  7 salamander mystics
  3 skysharks
  21 skeletal warriors
  6 goliath frogs
  15 mana vipers
  3 anaconda zombies (Snake:4)
  45 deep trolls
  5 iron trolls
  7 spectral anacondas (Snake:4)
  5 arcanists
  9 swamp dragons
  10 orc knights
  6 spriggan druids
  5 naga ritualists
  3 glowing orange brains
  2 bog bodies (Swamp:1)
  13 flayed ghosts
  3 harpies (Vaults:2)
  4 deep elf archers (Elf:1)
  2 anaconda skeletons (Snake:4)
  9 phantasmal warriors
  17 ironbound convokers
  13 deep elf zephyrmancers
  A golden dragon skeleton (Crypt:1)
  7 lindwurms
  19 deep elf pyromancers
  A necromancer (Vaults:1)
  4 orc sorcerers (Orc:2)
  4 wolf spiders
  32 ugly things
  6 manticores
  5 shining eyes
  6 cyclopes
  6 moths of wrath
  9 elephants
  24 salamanders
  3 meliai (D:13)
  2 will-o-the-wisps
  3 rust devils (WizLab)
  3 guardian serpents
  17 vault sentinels
  26 black mambas
  4 centaur zombies
  20 naga magi
  A smoke demon (WizLab)
  5 kobold blastminers
  A torpor snail (shapeshifter) (Depths:2)
  2 orange demons (WizLab)
  A dire elephant skeleton (Crypt:3)
  6 gargoyles
  18 cane toads
  An iron dragon skeleton (Crypt:1)
  2 rime drakes
  3 kobold demonologists
  An efreet (D:14)
  2 unseen horror zombies (D:9)
  A black draconian zombie (Crypt:2)
  2 redback zombies (D:7)
  16 komodo dragons
  36 yaktaurs
  A catoblepas zombie (Crypt:2)
  A purple draconian zombie (Crypt:2)
  3 tengu conjurers
  7 freezing wraiths
  A grey draconian zombie (Crypt:1)
  5 anaconda simulacra (Snake:4)
  A red devil (WizLab)
  4 guardian mummies
  A red draconian skeleton (Crypt:2)
  3 trolls (Orc:2)
  21 hornets
  3 polar bears
  8 tyrant leeches
  2 hellwings
  Prince Ribbit (Bailey)
  3 snapping turtles (Zot:3)
  9 glass eyes
  3 harpy skeletons (Crypt:3)
  21 blink frogs
  85 slime creatures
  A centaur simulacrum (D:13)
  A culicivora (Vaults:1)
  An ettin skeleton (Crypt:3)
  4 shadows (Crypt:3)
  4 fire dragon skeletons (Crypt:3)
  23 wraiths
  An air elemental (Elf:2)
  6 wyverns
  22 spriggans
  6 water elementals
  4 vampires
  5 hogs (D:14)
  11 humans
  23 yaks
  A golden eye (Slime:5)
  4 basilisks
  3 steam dragons
  2 redbacks (Vaults:1)
  17 swamp worms
  2 acid dragons
  15 vampire mosquitoes
  Duvessa (D:7)
  61 nagas
  15 water moccasins
  2 black bears
  10 swamp drakes
  2 ice beasts
  11 orc warriors
  10 laughing skulls
  A snapping turtle zombie (Crypt:2)
  An ogre (shapeshifter) (D:13)
  6 boggarts
  20 wolves
  4 ogres
  A phantom (D:6)
  20 centaurs
  A hog skeleton (Crypt:1)
  3 kobold brigands
  A salamander zombie (Crypt:2)
  A brain worm (shapeshifter) (D:13)
  A fire crab zombie (Crypt:2)
  23 bullfrogs
  An elf zombie (Crypt:1)
  2 gnoll sergeants
  2 scorpions (D:4)
  An elf skeleton (Crypt:2)
  5 wights
  A warg skeleton (Crypt:2)
  Dowan (D:7)
  4 howler monkeys
  2 electric eels
  2 lava snakes (Lair:4)
  3 bombardier beetles
  6 hounds
  2 human zombies (Crypt:1)
  18 orc priests
  A sleepcap (D:7)
  2 jellies
  2 iguanas (D:5)
  Ijyb (D:3)
  A human skeleton (Crypt:1)
  21 orc wizards
  A boggart skeleton (D:7)
  A tengu skeleton (Crypt:1)
  A crocodile skeleton (Crypt:1)
  23 mummies
  6 howler monkey zombies (D:9)
  18 gnolls
  6 adders
  5 shadow imps
  A white imp (D:7)
  An iguana zombie (Crypt:1)
  5 dart slugs
  2 ribbon worms
  57 orcs
  12 endoplasms
  2 giant cockroaches
  A gnoll zombie (Ossuary)
  10 goblins
  12 hobgoblins
  8 jackals
  22 kobolds
  3 quokkas
  5 ball pythons
  5 bats
  A frilled lizard (D:3)
  2 hobgoblin zombies (Ossuary)
  5 orc zombies (Ossuary)
  9 rats
1952 creatures vanquished.

Vanquished Creatures (others)
  2 fire giants
  A fenstrider witch (Swamp:2)
  An ogre mage (D:15)
  2 deep elf knights (Elf:1)
  A naga ritualist (Snake:4)
  5 bloated husks
  A spriggan (Swamp:2)
  A naga (Snake:2)
  2 orc wizards (Orc:2)
  6 foxfires
22 creatures vanquished.

Grand Total: 1974 creatures vanquished

Notes
Turn   | Place    | Note
-------+----------+-------------------------------------------
     0 | D:1      | Aldia the Armataur Fighter began the quest for the Orb.
     0 | D:1      | Reached XP level 1. HP: 18/18 MP: 1/1
    97 | D:1      | Reached XP level 2. HP: 25/25 MP: 2/2
   460 | D:1      | Reached skill level 4 in Armour
  1068 | D:2      | Reached XP level 3. HP: 31/31 MP: 3/3
  1216 | D:2      | Learned a level 2 spell: Blink
  1452 | D:2      | Reached XP level 4. HP: 29/38 MP: 4/4
  1891 | D:3      | Noticed Ijyb
  2006 | D:3      | Killed Ijyb
  2007 | D:3      | Reached XP level 5. HP: 32/45 MP: 5/5
  2655 | D:3      | Found the +8 trident of the Octopus King {venom, rElec
                  | rPois}
  2908 | D:4      | Reached skill level 5 in Armour
  3027 | D:4      | Found a stormy altar of Qazlal.
  3053 | D:4      | Reached skill level 1 in Polearms
  3053 | D:4      | Reached XP level 6. HP: 52/52 MP: 6/6
  3302 | D:4      | Noticed an orc warrior
  3306 | D:4      | Killed an orc warrior
  3527 | D:4      | Gained mutation: You regenerate magic and health when
                  | rolling toward enemies. (Rampage Regen) [Armataur growth]
  3527 | D:4      | Reached XP level 7. HP: 59/59 MP: 7/7
  4252 | D:5      | Entered Level 5 of the Dungeon
  4286 | D:5      | Reached skill level 6 in Armour
  4561 | D:5      | Found a shimmering altar of Xom.
  4686 | D:5      | Found a broken altar of Ashenzari.
  4888 | D:6      | Identified a scroll of acquirement
  4888 | D:6      | Acquired a manual of Dodging
  4912 | D:6      | Found a sand-covered staircase.
  4919 | Ossuary  | Entered an ossuary
  4929 | Ossuary  | Reached XP level 8. HP: 67/67 MP: 8/8
  5003 | Ossuary  | Reached skill level 5 in Fighting
  5235 | D:6      | Identified the +5 falchion of the Loving Gods {drain,
                  | ^Fragile Str+3 SInv Stlth+}
  5257 | D:6      | Reached skill level 1 in Dodging
  5510 | D:6      | Reached skill level 7 in Armour
  5610 | D:6      | Reached skill level 5 in Polearms
  6019 | D:7      | Noticed a hellwing
  6053 | D:7      | Found an ancient bone altar of Kikubaaqudgha.
  6097 | D:7      | Noticed Dowan
  6098 | D:7      | Noticed Duvessa
  6109 | D:7      | Killed Duvessa
  6111 | D:7      | Found an ornate altar of the Wu Jian Council.
  6114 | D:7      | Killed Dowan
  6175 | D:7      | Reached skill level 8 in Armour
  6175 | D:7      | Reached XP level 9. HP: 74/74 MP: 9/9
  6213 | D:7      | Killed a hellwing
  6222 | D:7      | Reached skill level 5 in Shields
  6283 | D:7      | Found a staircase to the Ecumenical Temple.
  6290 | D:7      | Reached skill level 5 in Dodging
  6341 | Temple   | Entered the Ecumenical Temple
  6364 | Temple   | Became a worshipper of Warmaster Okawaru
  6392 | D:7      | Reached skill level 9 in Armour
  6402 | D:7      | Found a flagged portal.
  6439 | Bailey   | Entered a bailey
  6477 | Bailey   | Reached * piety under Okawaru
  6478 | Bailey   | Reached XP level 10. HP: 68/81 MP: 10/10
  6568 | Bailey   | Reached ** piety under Okawaru
  6707 | Bailey   | Noticed a vault guard
  6716 | Bailey   | Killed a vault guard
  6840 | Bailey   | Noticed a vault guard
  6840 | Bailey   | Noticed Prince Ribbit
  6850 | Bailey   | Killed Prince Ribbit
  6863 | Bailey   | Killed a vault guard
  6863 | Bailey   | Reached *** piety under Okawaru
  7017 | D:7      | Found Cheibriados's Comfort Zone.
  7020 | D:7      | Found a snail-covered altar of Cheibriados.
  7241 | D:7      | Found a burning altar of Makhleb.
  7498 | D:8      | Reached skill level 1 in Invocations
  7501 | D:8      | Noticed a gargoyle
  7784 | D:8      | Found Xiczif's Assorted Antiques.
  7793 | D:8      | Bought a ruby potion for 27 gold pieces
  7793 | D:8      | Bought a scroll of enchant armour for 225 gold pieces
  7843 | D:8      | Found a staircase to the Lair.
  7964 | D:8      | Killed a gargoyle
  8112 | D:9      | Reached XP level 11. HP: 91/91 MP: 10/12
  8170 | D:9      | Noticed a two-headed ogre
  8188 | D:9      | Killed a two-headed ogre
  8188 | D:9      | Reached **** piety under Okawaru
  8451 | D:9      | Found a shadowy altar of Dithmenos.
  8628 | D:9      | Identified the +6 whip "Ruskearph" {flame, rPois Int+4
                  | Stlth-}
  8689 | D:9      | Found a basalt altar of Yredelemnul.
  8785 | D:9      | Reached ***** piety under Okawaru
  9164 | D:10     | Entered Level 10 of the Dungeon
  9164 | D:10     | Found a transporter.
  9169 | D:10     | Found a transporter.
  9287 | D:10     | Found a transporter.
  9288 | D:10     | Found a transporter.
  9298 | D:10     | Found a hide-covered altar of Uskayaw.
  9359 | D:10     | Found a transporter.
  9364 | D:10     | Found a transporter.
  9451 | D:10     | Reached skill level 10 in Polearms
  9479 | D:10     | Found a snail-covered altar of Cheibriados.
  9881 | D:10     | Found a glowing golden altar of the Shining One.
  9974 | D:11     | Found a staircase to the Orcish Mines.
 10127 | D:11     | Found an iron altar of Okawaru.
 10288 | D:11     | Noticed Harold
 10297 | D:11     | Killed Harold
 10832 | Lair:1   | Entered Level 1 of the Lair of Beasts
 10850 | Lair:1   | Noticed a death yak
 10854 | Lair:1   | Noticed a death yak
 10882 | D:8      | Killed a death yak
 10882 | D:8      | Reached ****** piety under Okawaru
 10882 | D:8      | Received a gift from Okawaru
 10883 | D:8      | Reached XP level 12. HP: 20/101 MP: 13/13
 11108 | D:8      | Acquired the +8 lance "Wyrmbane" {slay drac, rPois rF+ rC+
                  | AC+3}
 11108 | D:8      | Received a gift from Okawaru
 11108 | D:8      | Found the +8 lance "Wyrmbane" {slay drac, rPois rF+ rC+
                  | AC+3}
 11111 | D:8      | Acquired a +2 barding of cold resistance
 11111 | D:8      | Received a gift from Okawaru
 11140 | D:8      | Killed a death yak
 11386 | Lair:1   | Noticed a death yak
 11386 | Lair:1   | Noticed a death yak
 11403 | Lair:1   | Noticed a death yak
 11421 | D:8      | Killed a death yak
 11442 | D:8      | Killed a death yak
 11490 | Lair:1   | Killed a death yak
 12085 | Lair:1   | You fall into a shaft and drop 1 floor!
 12098 | Lair:2   | Received a gift from Okawaru
 12523 | Lair:2   | Reached skill level 10 in Shields
 13398 | Lair:3   | Noticed a six-headed hydra
 13401 | Lair:3   | Noticed a death yak
 13417 | Lair:2   | Killed a six-headed hydra
 13551 | Lair:3   | Received a gift from Okawaru
 13573 | Lair:3   | Reached skill level 5 in Invocations
 13573 | Lair:3   | Reached XP level 13. HP: 92/111 MP: 16/16
 13812 | Lair:3   | Identified the +9 short sword of Ash {speed, Str+3}
 14249 | Lair:3   | Received a gift from Okawaru
 14273 | Lair:3   | Found a staircase to the Swamp.
 14421 | Lair:3   | Reached skill level 10 in Fighting
 14492 | Lair:3   | Received a gift from Okawaru
 14583 | Lair:3   | Found a staircase to the Snake Pit.
 15193 | D:7      | Bought a +3 crystal plate armour of ponderousness for 1008
                  | gold pieces
 15386 | Lair:4   | Found an ornate altar of the Wu Jian Council.
 16357 | Lair:5   | Entered Level 5 of the Lair of Beasts
 16644 | Lair:5   | Reached XP level 14. HP: 122/122 MP: 19/19
 16855 | Lair:5   | Found a staircase to the Slime Pits.
 16999 | Lair:5   | Reached skill level 10 in Armour
 17078 | Lair:5   | Received a gift from Okawaru
 17991 | Orc:1    | Entered Level 1 of the Orcish Mines
 18581 | Orc:2    | Entered Level 2 of the Orcish Mines
 18768 | Orc:2    | Reached skill level 11 in Armour
 18848 | Orc:2    | Found a staircase to the Elven Halls.
 19136 | Orc:2    | Found Lifi Ita's Armour Boutique.
 19256 | Orc:2    | Found Junteibo's Antique Armour Shoppe.
 19408 | Orc:2    | Found Ziapso's General Store.
 19410 | Orc:2    | Found Pyock's General Store.
 19416 | Orc:2    | Bought a potion of heal wounds for 75 gold pieces
 19416 | Orc:2    | Bought a scroll of fear for 60 gold pieces
 19418 | Orc:2    | Bought a potion of mutation for 104 gold pieces
 19418 | Orc:2    | Bought a scroll of enchant armour for 97 gold pieces
 20294 | D:12     | Reached skill level 12 in Armour
 20586 | D:13     | Received a gift from Okawaru
 20640 | D:13     | Noticed Urug
 20662 | D:13     | Killed Urug
 20672 | D:13     | Reached skill level 10 in Invocations
 20986 | D:13     | Reached skill level 1 in Evocations
 20994 | D:13     | Reached XP level 15. HP: 132/132 MP: 22/22
 21502 | D:13     | Found a gate to the Vaults.
 21690 | D:13     | Identified the +1 mace of Moral Flaws {freeze, rC+ Str+5
                  | Dex+4}
 22405 | D:14     | Noticed Rupert
 22439 | D:14     | Killed Rupert
 22652 | D:14     | Reached skill level 13 in Armour
 22998 | D:14     | Noticed Roxanne
 23058 | D:14     | Killed Roxanne
 23251 | D:14     | Noticed Kirke
 23268 | D:14     | Noticed a sphinx
 23287 | D:14     | Killed Kirke
 23508 | D:15     | Entered Level 15 of the Dungeon
 23509 | D:15     | Noticed Josephine
 23525 | D:15     | Killed Josephine
 23526 | D:15     | Reached skill level 5 in Evocations
 23573 | D:15     | Paralysed by something for 3 turns
 23810 | D:15     | Found a staircase to the Depths.
 24130 | D:15     | Found a runed translucent gate.
 24131 | D:15     | Found a runed translucent gate.
 24131 | D:15     | Noticed Imulidwi's ghost (journeyman OpFi)
 24132 | D:15     | Found a runed translucent gate.
 24513 | Snake:1  | Entered Level 1 of the Snake Pit
 24527 | Snake:1  | Identified the ring of Summertime {*Slow rElec rN++ Dex+6
                  | Stlth+}
 24663 | Snake:1  | Reached skill level 14 in Armour
 25171 | Snake:1  | Reached skill level 1 in Throwing
 25494 | Snake:1  | Identified the +5 long sword "Eliuh" {freeze, ^Fragile
                  | rF+++ rCorr Stlth+}
 25501 | Snake:1  | Found a snail-covered altar of Cheibriados.
 25683 | Snake:1  | Upgraded the game from 0.31-a0-1603-gbec6b6ccbf to
                  | 0.31-a0-1611-g890cdf5628
 26036 | Snake:2  | Received a gift from Okawaru
 26069 | Snake:2  | Reached XP level 16. HP: 140/144 MP: 23/23
 27002 | Snake:3  | Reached skill level 15 in Armour
 27313 | Snake:3  | Received a gift from Okawaru
 27831 | Snake:3  | Reached skill level 5 in Throwing
 28858 | Swamp:1  | Entered Level 1 of the Swamp
 28859 | Swamp:1  | Noticed Louise
 28895 | Swamp:1  | Killed Louise
 29095 | Swamp:1  | Noticed Frances
 29114 | Swamp:1  | Killed Frances
 29123 | Swamp:1  | Reached skill level 16 in Armour
 30000 | Swamp:2  | Noticed Donald
 30018 | Swamp:2  | Killed Donald
 30062 | Swamp:2  | You are sucked into a shaft and drop 1 floor!
 30086 | Swamp:3  | Noticed Jorgrun
 30129 | Swamp:3  | Killed Jorgrun
 30252 | Swamp:3  | Noticed a tentacled monstrosity
 30268 | Swamp:3  | Killed a tentacled monstrosity
 30268 | Swamp:3  | Received a gift from Okawaru
 30269 | Swamp:3  | Reached XP level 17. HP: 146/154 MP: 24/24
 30269 | Swamp:3  | Noticed Mara
 30275 | Swamp:3  | Noticed Aldia's illusion
 30309 | Swamp:3  | Noticed Aldia's illusion
 30356 | Swamp:3  | Killed Mara
 30543 | Swamp:2  | Paralysed by a fenstrider witch for 3 turns
 31148 | Swamp:2  | Noticed Mlioglotl
 31193 | Swamp:2  | Killed Mlioglotl
 31194 | Swamp:2  | Reached skill level 15 in Fighting
 31946 | Swamp:3  | Reached skill level 17 in Armour
 32038 | Swamp:3  | Received a gift from Okawaru
 32322 | Swamp:4  | Entered Level 4 of the Swamp
 32732 | Swamp:4  | Identified the ring "Hiuj" {rC+ rN+ Str+5}
 32986 | Swamp:4  | Received a gift from Okawaru
 33296 | Swamp:4  | Got a decaying rune of Zot
 33455 | Snake:4  | Entered Level 4 of the Snake Pit
 33578 | Snake:4  | Received a gift from Okawaru
 33956 | Snake:4  | Acquired 675 gold pieces
 34014 | Snake:4  | Reached skill level 18 in Armour
 34083 | Snake:4  | Identified the +0 pair of gloves "Diolyk Uti" {Str+4}
 34537 | Snake:4  | Reached XP level 18. HP: 166/166 MP: 25/25
 34830 | Snake:4  | Reached skill level 10 in Throwing
 35105 | Snake:4  | HP: 8/167 [mana viper (5)]
 35234 | Snake:4  | Got a serpentine rune of Zot
 35563 | Elf:1    | Entered Level 1 of the Elven Halls
 35765 | Elf:1    | Reached skill level 19 in Armour
 36740 | Elf:2    | Paralysed by an air elemental for 1 turns
 36831 | Elf:2    | Received a gift from Okawaru
 37165 | Elf:2    | Found a runed translucent gate.
 37166 | Elf:2    | Found a runed translucent gate.
 37166 | Elf:2    | Found a runed translucent gate.
 37332 | Elf:2    | Found Jecwa's Book Shoppe.
 37374 | Elf:2    | Noticed Zenata
 37653 | Vaults:1 | Entered Level 1 of the Vaults
 38146 | Vaults:1 | Received a gift from Okawaru
 38264 | Vaults:1 | Reached XP level 19. HP: 177/177 MP: 26/26
 38890 | Vaults:1 | Reached skill level 20 in Armour
 39485 | Vaults:2 | Identified the ring "Viypno Hezech" {Fly rElec Str+3 Int+6
                  | Slay+4}
 39543 | Vaults:2 | Received a gift from Okawaru
 39621 | Vaults:2 | Found a staircase to the Crypt.
 39931 | Vaults:2 | Noticed Asterion
 39959 | Vaults:2 | Killed Asterion
 40783 | Vaults:2 | Reached skill level 21 in Armour
 41562 | Vaults:3 | Received a gift from Okawaru
 41574 | Vaults:3 | Found Worae's Antique Weapon Shop.
 41926 | Vaults:3 | Reached XP level 20. HP: 147/189 MP: 22/27
 42024 | Vaults:3 | Found Rokach's Distillery.
 42029 | Vaults:3 | Bought a potion of curing for 39 gold pieces
 42029 | Vaults:3 | Bought a potion of heal wounds for 65 gold pieces
 42029 | Vaults:3 | Bought a potion of haste for 130 gold pieces
 42029 | Vaults:3 | Bought a potion of curing for 39 gold pieces
 42089 | Vaults:3 | Paralysed by a formless jellyfish for 1 turns
 42292 | Vaults:3 | Found Honweat's Magic Scroll Shop.
 42295 | Vaults:3 | Found Rilieveg's Weapon Boutique.
 42298 | Vaults:3 | Bought a scroll of revelation for 112 gold pieces
 42298 | Vaults:3 | Bought a scroll of revelation for 112 gold pieces
 42564 | Vaults:4 | Paralysed by a sphinx for 4 turns
 42832 | Vaults:4 | Reached skill level 22 in Armour
 42875 | Vaults:4 | Received a gift from Okawaru
 43398 | Vaults:4 | Identified the +4 short sword of Nuschargh {freeze, Stlth+}
 43432 | Vaults:4 | Received a gift from Okawaru
 44379 | Depths:1 | Entered Level 1 of the Depths
 44586 | Depths:1 | Noticed a golden dragon
 44618 | Depths:1 | Received a gift from Okawaru
 44644 | Depths:1 | Reached skill level 23 in Armour
 44738 | Depths:1 | Killed a golden dragon
 44924 | Depths:1 | Found a one-way gate to the infinite horrors of the Abyss.
 45203 | Depths:1 | Received a gift from Okawaru
 45386 | Depths:1 | Identified the +9 glaive of Innocence {venom, ^Contam
                  | Dex+4}
 45403 | Abyss:2  | Cast into level 2 of the Abyss (an occultist)
 45409 | Depths:1 | Escaped the Abyss
 45417 | Depths:1 | Reached XP level 21. HP: 200/200 MP: 28/28
 45759 | Depths:1 | Found a gateway to Hell.
 45759 | Depths:1 | You are sucked into a shaft and drop 1 floor!
 46223 | Depths:2 | Noticed the Enchantress
 46239 | Arena    | Entered the Arena
 46252 | Arena    | Killed the Enchantress
 47008 | Depths:3 | Found Cischedol's Magic Scroll Emporium.
 47010 | Depths:3 | Found Ifeirisong's Magic Scroll Shoppe.
 47059 | Depths:3 | Bought a scroll of teleportation for 36 gold pieces
 47059 | Depths:3 | Bought a scroll of teleportation for 36 gold pieces
 47065 | Depths:3 | Bought a scroll of teleportation for 57 gold pieces
 47065 | Depths:3 | Bought a scroll of acquirement for 988 gold pieces
 47065 | Depths:3 | Bought a scroll of blinking for 142 gold pieces
 47065 | Depths:3 | Bought a scroll of revelation for 142 gold pieces
 47069 | Depths:3 | Acquired a manual of Throwing
 47218 | Depths:3 | Received a gift from Okawaru
 47279 | Depths:3 | Reached skill level 10 in Dodging
 47707 | Depths:2 | Noticed a juggernaut
 47719 | Depths:2 | Found a one-way gate leading to the halls of Pandemonium.
 47725 | Depths:2 | Killed a juggernaut
 47797 | Depths:2 | Identified the +1 halberd "Yrghivice" {speed, rN+}
 48071 | Depths:3 | Found an ornate altar of the Wu Jian Council.
 48173 | Depths:3 | Reached skill level 24 in Armour
 48330 | Depths:4 | Entered Level 4 of the Depths
 48378 | Depths:4 | Received a gift from Okawaru
 48666 | Depths:4 | Found a one-way gateway to a ziggurat.
 48750 | Depths:4 | Noticed a juggernaut
 48804 | Depths:4 | Killed a juggernaut
 48851 | Depths:4 | Noticed a caustic shrike
 48866 | Depths:4 | Killed a caustic shrike
 48867 | Depths:4 | Reached XP level 22. HP: 183/211 MP: 30/30
 48890 | Depths:4 | Noticed a caustic shrike
 48897 | Depths:4 | Noticed a caustic shrike
 48905 | Depths:4 | Noticed a caustic shrike
 48906 | Depths:4 | Noticed a caustic shrike
 48907 | Depths:4 | Killed a caustic shrike
 49336 | Depths:4 | Killed a caustic shrike
 49342 | Depths:4 | Killed a caustic shrike
 49369 | Depths:4 | Killed a caustic shrike
 49584 | Depths:4 | Found a gate to the Realm of Zot.
 50048 | Crypt:1  | Entered Level 1 of the Crypt
 50239 | Crypt:1  | Noticed Jory
 50268 | Crypt:1  | Killed Jory
 50269 | Crypt:1  | Reached skill level 25 in Armour
 50299 | Crypt:1  | Found a magical portal.
 50308 | WizLab   | Entered The Hall of the Hellbinder
 50374 | WizLab   | Received a gift from Okawaru
 50537 | WizLab   | Noticed a dread lich
 50551 | WizLab   | Paralysed by a dread lich for 2 turns
 50908 | Crypt:1  | You are sucked into a shaft and drop 1 floor!
 51499 | Crypt:2  | Found a huge runed translucent gate.
 51500 | Crypt:2  | Found a huge runed translucent gate.
 51501 | Crypt:2  | Found a huge runed translucent gate.
 51501 | Crypt:2  | Found a huge runed translucent gate.
 51501 | Crypt:2  | Found a huge runed translucent gate.
 51501 | Crypt:2  | Found a huge runed translucent gate.
 51502 | Crypt:2  | Found a huge runed translucent gate.
 51502 | Crypt:2  | Found a huge runed translucent gate.
 51502 | Crypt:2  | Found a huge runed translucent gate.
 51639 | Crypt:2  | Noticed Mennas
 51668 | Crypt:2  | Killed Mennas
 52788 | Crypt:3  | Entered Level 3 of the Crypt
 53139 | Crypt:3  | Found the +9 sword of Zonguldrok {reap}
 53153 | Crypt:3  | Identified the +1 leather armour of the Dragon {Int+3
                  | Dex+2}
 53556 | Crypt:3  | Got Todaelie's Compilation of Tectonic Points
 53868 | Crypt:3  | Found a staircase to the Tomb.
 53980 | Crypt:3  | Found an ancient bone altar of Kikubaaqudgha.
 53990 | Crypt:3  | Reached skill level 26 in Armour
 54001 | Crypt:3  | Reached XP level 23. HP: 209/210 MP: 31/31
 54029 | Crypt:3  | Identified the ring "Ajiefeoz" {rPois rN+ Str-4 Int+2
                  | Stlth+}
 54029 | Crypt:3  | Identified the ring "Amunehei" {rC+ rN+}
 54029 | Crypt:3  | Identified the ring "Jotzawnubbo" {rC+ rN+}
 54035 | Crypt:3  | Acquired 975 gold pieces
 54300 | Crypt:3  | Received a gift from Okawaru
 54345 | Crypt:3  | Identified the staff of Meokhah {rPois rF+ rCorr MP+9 Fire}
 54877 | Slime:1  | Entered Level 1 of the Pits of Slime
 55114 | Slime:4  | Gained mutation: You sometimes lose your temper in combat.
                  | [a shining eye]
 55115 | Slime:4  | Gained mutation: You are dopey. (Int -2) [a shining eye]
 55119 | Slime:4  | Gained mutation: You occasionally lose the ability to read
                  | scrolls when taking damage. [a shining eye]
 55129 | Slime:4  | Lost mutation: You sometimes lose your temper in combat.
                  | [potion of mutation]
 55129 | Slime:4  | Lost mutation: You occasionally lose the ability to read
                  | scrolls when taking damage. [potion of mutation]
 55129 | Slime:4  | Gained mutation: You are weak. (Str -2) [potion of
                  | mutation]
 55133 | Slime:5  | Entered Level 5 of the Pits of Slime
 55138 | Slime:5  | Gained mutation: You occasionally lose the ability to read
                  | scrolls when taking damage. [a shining eye]
 55139 | Slime:5  | Gained mutation: Your spells are a little easier to cast,
                  | but a little less powerful. [a shining eye]
 55145 | Slime:5  | Lost mutation: You occasionally lose the ability to read
                  | scrolls when taking damage. [potion of mutation]
 55145 | Slime:5  | Lost mutation: You are dopey. (Int -2) [potion of mutation]
 55145 | Slime:5  | Lost mutation: You are weak. (Str -2) [potion of mutation]
 55145 | Slime:5  | Gained mutation: Your mind is acute. (Int +4, Str/Dex -1)
                  | [potion of mutation]
 55145 | Slime:5  | Gained mutation: You have hidden genetic defects. [potion
                  | of mutation]
 55373 | Slime:4  | Gained mutation: You are weak. (Str -2) [a shining eye]
 55790 | Slime:4  | Received a gift from Okawaru
 55891 | Slime:5  | Gained mutation: You have terrible hidden genetic defects.
                  | [a shining eye]
 55936 | Slime:5  | Gained mutation: You sometimes lose your temper in combat.
                  | [a shining eye]
 55938 | Slime:5  | Lost mutation: You sometimes lose your temper in combat.
                  | [potion of mutation]
 55938 | Slime:5  | Lost mutation: Your spells are a little easier to cast, but
                  | a little less powerful. [potion of mutation]
 55938 | Slime:5  | Lost mutation: You have terrible hidden genetic defects.
                  | [potion of mutation]
 55938 | Slime:5  | Gained mutation: You are frail. (-10% HP) [potion of
                  | mutation]
 55938 | Slime:5  | Gained mutation: You expend magic power (3 MP) to
                  | strengthen your wands. [potion of mutation]
 55942 | Slime:5  | Noticed the Royal Jelly
 55950 | Slime:5  | Killed the Royal Jelly
 56085 | Slime:5  | Gained mutation: You are very frail. (-20% HP) [hidden
                  | defects]
 56218 | Slime:5  | Got a slimy rune of Zot
 56219 | Slime:5  | Identified the ring "Daommuh" {rN+ Dex+2}
 56265 | Slime:5  | Identified the amulet of Qebez {Reflect rCorr Str-3 Int+3
                  | SH+5}
 56293 | Slime:5  | Acquired the amulet of Caextoy {Reflect Regen+ SH+5}
 56925 | Zot:1    | Entered Level 1 of the Realm of Zot
 56937 | Zot:1    | Learned a level 1 spell: Apportation
 56975 | Zot:1    | Reached skill level 27 in Armour
 57009 | Zot:1    | Reached skill level 1 in Translocations
 57030 | Zot:1    | Received a gift from Okawaru
 57209 | Zot:1    | Gained mutation: You are vulnerable to cold. (rC-) [hidden
                  | defects]
 57209 | Zot:1    | Lost mutation: You have hidden genetic defects. [hidden
                  | defects expressed]
 57411 | Zot:1    | Lost mutation: You are very frail. (-20% HP) [potion of
                  | mutation]
 57411 | Zot:1    | Lost mutation: You are vulnerable to cold. (rC-) [potion of
                  | mutation]
 57411 | Zot:1    | Lost mutation: You expend magic power (3 MP) to strengthen
                  | your wands. [potion of mutation]
 57411 | Zot:1    | Gained mutation: You sometimes lose your temper in combat.
                  | [potion of mutation]
 57412 | Zot:1    | Lost mutation: You are frail. (-10% HP) [potion of
                  | mutation]
 57412 | Zot:1    | Lost mutation: You are weak. (Str -2) [potion of mutation]
 57412 | Zot:1    | Lost mutation: Your mind is acute. (Int +4, Str/Dex -1)
                  | [potion of mutation]
 57412 | Zot:1    | Gained mutation: You are partially covered in large bone
                  | plates. (SH +4) [potion of mutation]
 57412 | Zot:1    | Gained mutation: You are robust. (+10% HP) [potion of
                  | mutation]
 57748 | Zot:1    | Reached skill level 5 in Translocations
 58006 | D:15     | Gained mutation: You occasionally shout uncontrollably at
                  | your foes. [mutagenic glow]
 58011 | D:15     | Killed Imulidwi's ghost
 58011 | D:15     | Received a gift from Okawaru
 58024 | D:15     | Gained mutation: Your body sometimes deteriorates upon
                  | taking damage. [mutagenic glow]
 58037 | D:15     | Identified the +1 hat of Sauvekhy {rC++}
 58037 | D:15     | Gained mutation: Your magical capacity is low. (-10% MP)
                  | [mutagenic glow]
 58045 | D:15     | Gained mutation: Your body often deteriorates upon taking
                  | damage. [mutagenic glow]
 58052 | D:15     | Gained mutation: You occasionally lose the ability to read
                  | scrolls when taking damage. [mutagenic glow]
 58053 | D:15     | Lost mutation: You are partially covered in large bone
                  | plates. (SH +4) [potion of mutation]
 58053 | D:15     | Lost mutation: You occasionally shout uncontrollably at
                  | your foes. [potion of mutation]
 58053 | D:15     | Lost mutation: You are robust. (+10% HP) [potion of
                  | mutation]
 58053 | D:15     | Gained mutation: Your natural rate of healing is unusually
                  | fast. [potion of mutation]
 58269 | Vaults:3 | Bought a potion of mutation for 104 gold pieces
 58269 | Vaults:3 | Lost mutation: Your magical capacity is low. (-10% MP)
                  | [potion of mutation]
 58269 | Vaults:3 | Lost mutation: You sometimes lose your temper in combat.
                  | [potion of mutation]
 58269 | Vaults:3 | Gained mutation: You have hidden genetic defects. [potion
                  | of mutation]
 58786 | Zot:2    | Reached XP level 24. HP: 222/235 MP: 4/31
 59083 | Zot:2    | Noticed an orb of fire
 59106 | Zot:2    | Killed an orb of fire
 59106 | Zot:2    | Received a gift from Okawaru
 59137 | Zot:2    | Gained mutation: You are vulnerable to heat. (rF-) [hidden
                  | defects]
 59850 | Zot:3    | Noticed an orb of fire
 59850 | Zot:3    | Noticed an orb of fire
 59952 | Zot:3    | Gained mutation: You are frail. (-10% HP) [an orb of fire]
 59952 | Zot:3    | Gained mutation: Your magical capacity is low. (-10% MP)
                  | [an orb of fire]
 59956 | Zot:3    | HP: 8/213 [orb of fire/fireball (10)]
 59956 | Zot:3    | Killed from afar by an orb of fire

Illustrated notes

Levels and vault maps discovered:
D:1:      matt_arrival_spirals, layout_basic, minmay_misc_feat_more_columns,
          hex_intersection, serial_bayou_pond_e
D:2:      layout_basic
D:3:      kennysheep_six_static_rooms, layout_loops_cross, uniq_ijyb
D:4:      layout_layer_cave, lemuel_crystal_altar, serial_forest,
          infiniplex_forest_3_way, infiniplex_forest_straight_2,
          infiniplex_forest_lined_room_, infiniplex_forest_diagonal,
          infiniplex_forest_clump_double, infiniplex_forest_lined_room_2
D:5:      layout_cave_pools, mainiacjoe_overflow_24_doors,
          nicolae_overflow_hidden_temple
D:6:      layout_loops_ring, enter_ossuary_1,
          hangedman_abyss_or_decor_jellyfish_corner, grunt_decor_cap
D:7:      cheibrodos_grave_circle, layout_rooms, mainiacjoe_overflow_boulevard,
          nicolae_overflow_crystal_walls, mainiacjoe_overflow_catwalk,
          minmay_temple_entry_tees, enter_bailey_5, minmay_shop_chei,
          chequers_jeans, uniq_duvessa
D:8:      layout_rooms, lair_entry_dummy, serial_shops, nicolae_shop_waterfront
D:9:      layout_basic, nicolae_dithmenos_through_a_glass_darkly,
          nicolae_yredelemnul_corpse_copse, minmay_fractal_squares_diagonal_5
D:10:     layout_loops_ring, mainiacjoe_overflow_concentric_impassable,
          nicolae_tso_swordbearing_angel, mainiacjoe_overflow_tiny_flanked,
          serial_nicolae_subway, nicolae_sub_station_metal,
          nicolae_sub_station_crystal, nicolae_sub_station_stone
D:11:     layout_roguey, orc_0_dummy, okawaru_gym_becter, uniq_harold
D:12:     layout_long_grid
D:13:     minmay_diamond_stairs, layout_layer_cave,
          hellmonk_vaults_order_and_chaos, uniq_urug
D:14:     layout_irregular_city, serial_park_avenue1, uniq_rupert, uniq_kirke,
          uniq_roxanne
D:15:     hangedman_depths_entry_try_elsewhere_first, layout_rooms,
          gammafunk_ghost_tricky_traps, nicolae_water_bricks, uniq_josephine
Temple:   hellmonk_temple_of_storms
Lair:1:   layout_regular_city, infiniplex_staircase_pool, grunt_megastairs_3
Lair:2:   layout_regular_city, infiniplex_staircase_pool_2, lemuel_fruit_fields
Lair:3:   layout_regular_city, minmay_swamp_entry_worms,
          minmay_snake_entry_guardpost_medium, serial_bayou_shore_b,
          grunt_megastairs_5
Lair:4:   layout_gridlike, basic_altar
Lair:5:   minmay_lair_end_frog_pond, layout_concentric_octagons, slime_entry_1
Swamp:1:  nicolae_swamp_wrong_neighborhood, layout_falls_marsh,
          evilmike_swamp_ruin_house_2, swamp_pool_5, uniq_louise, uniq_frances
Swamp:2:  layout_falls_marsh, evilmike_swamp_ruin_rubble_1, uniq_donald,
          uniq_mlioglotl
Swamp:3:  layout_basic_swamp, evilmike_swamp_ruin_house_6, uniq_mara,
          uniq_jorgrun
Swamp:4:  swamp, layout_basic_swamp
Snake:1:  layout_onion_interference, basic_altar
Snake:2:  layout_onion_interference, serial_bayou_crossing, nicolae_integral_box
Snake:3:  layout_cave_pods, st_stairs_7, nicolae_snake_mages_go_home,
          grunt_megastairs_2
Snake:4:  minmay_snake_end_coiled, layout_rooms, nicolae_snake_dead_anacondas
Slime:1:  layout_caves
Slime:2:  layout_caves, cheibrodos_slime_lost_civilization_5
Slime:3:  layout_caves
Slime:4:  nicolae_slime_infinislime, layout_caves
Slime:5:  slime_pit_nicolae_trefoil
Orc:1:    layout_diamond_mine
Orc:2:    st_orc_elflike, layout_diamond_mine
Elf:1:    eino_elf_arrival_sip, layout_gridlike, minmay_elf_demonology,
          roderic_lattice_octagonal_star
Elf:2:    nicolae_elf_blades_crystal_corner, layout_gridlike, serial_shops,
          nicolae_shop_behind_doors, uniq_saint_roka, uniq_zenata
Vaults:1: nicolae_vaults_closet_pinwheel_2, nicolae_vaults_door_testing_chamber,
          ontoclasm_vaults_misaligned, nicolae_vaults_network_s,
          hangedman_vaults_cutoff, nicolae_vaults_double_plus_3,
          vaults_mumra_hexcomb, vaults_mumra_minichess, nicolae_vaults_asterisk,
          layout_vaults_omnigrid
Vaults:2: v_rooms_3, minmay_crypt_entry_nasty_monster,
          nicolae_vaults_double_plus_3, nicolae_vaults_display_case,
          nicolae_vaults_mini_display_case, v_misc_2,
          hangedman_vaults_stretched_pinwheel, nicolae_vaults_tetromino_T_1,
          minmay_orc_keep, nicolae_vaults_sealed_display,
          nicolae_vaults_tetromino_L_2, layout_vaults_chaotic_city,
          uniq_asterion
Vaults:3: v_misc_13, v_misc_19, ontoclasm_vaults_misaligned,
          nicolae_vaults_ring_of_whatevers, nicolae_vaults_quartermaster,
          nicolae_vaults_little_squares_3, nicolae_vaults_oval_intersection,
          hangedman_vaults_slice, ontoclasm_vaults_eye, layout_vaults_ring,
          serial_shops, nicolae_shop_trees, nicolae_shop_peninsula, shop, shop
Vaults:4: nicolae_vaults_tangram_1, nicolae_vaults_alarming,
          hangedman_vaults_river_flow, v_misc_30, nicolae_vaults_trapezoid_3,
          nicolae_vaults_circle_grid_b, nicolae_vaults_trapezoid_3,
          nicolae_vaults_cornered_office, vaults_room_ringed_pool,
          nicolae_vaults_double_plus_2, v_misc_30, nicolae_vaults_tangram_2,
          v_alt_pattern_4, ontoclasm_vaults_spin, vaults_room_semicircle,
          vaults_room_guarded_vault, layout_vaults_maze_bifur
Crypt:1:  layout_chaotic_city, infiniplex_enter_wizlab_glasses,
          grunt_crypt_arrival_guarded_gate, uniq_jory
Crypt:2:  cheibrodos_crypt_3hun_7po, layout_basic, uniq_mennas
Crypt:3:  quadcrypt_mu
Depths:1: layout_basic, nicolae_two_hexagons, pf_coc_iceberg, abyss_entry,
          wad_dig_loot
Depths:2: minmay_sliced_demisemicircle, layout_gridlike, abyss_entry,
          hell_entry, pan_entry, uniq_enchantress
Depths:3: minmay_inner_zag, layout_gridville, pf_hell_entry_great_geh,
          abyss_entry_glasseish, nicolae_wu_jian_wuxing_cycle,
          infiniplex_staircase_zigzag_4, minmay_shoptagon
Depths:4: grunt_bruiser_brothers, layout_cave_pools, enter_ziggurat_c,
          hangedman_abyss_entry_splay, hell_entry, minmay_liquid_box,
          minmay_hollow_rounded_squares
Zot:1:    layout_cellular_growth
Zot:2:    layout_concentric_octagons, grunt_ministairs_6,
          regret_index_zotdec_ceiling_fans
Zot:3:    regret_index_zot_pan_timeshare, layout_onion, lemuel_lake_of_fire

Skill      XL: |  1  2  3  4  5  6  7  8  9 10 11 12 13 14 15 16 17 18 19 20 21 22 23 24 |
---------------+-------------------------------------------------------------------------+-----
Maces & Flails | 2 3 |  3.8
Fighting       | 3 4 5 6 7 9 10 12 13 14 16 17 18 19 20 21 23 | 23.7
Armour         | 4 5 6 8 9 12 14 16 18 19 21 23 24 26 27 | 27.0
Polearms       | 1 2 4 5 7 8 10 11 12 13 | 13.0
Dodging        | 3 5 6 7 8 9 10 11 | 11.3
Shields        | 4 5 7 8 10 11 12 13 14 | 14.0
Invocations    | 1 2 5 7 10 11 | 11.0
Evocations     | 1 5 6 |  6.0
Throwing       | 2 7 9 11 13 | 13.0
Translocations | 5 9 |  9.0

Action                     |  1- 3 |  4- 6 |  7- 9 | 10-12 | 13-15 | 16-18 | 19-21 | 22-24 || total
---------------------------+-------+-------+-------+-------+-------+-------+-------+-------++-------
  Melee: Flail             |   119 |   121 |       |       |       |       |       |       ||   240
         Tailslap          |     9 |    12 |    36 |   119 |   342 |   429 |   596 |   478 ||  2021
         Trident           |       |    46 |   284 |   465 |       |       |       |       ||   795
         Lance             |       |       |       |   321 |  1936 |  2649 |  2605 |  2177 ||  9688
         Unarmed           |       |       |       |       |       |       |     4 |       ||     4
  Throw: Javelin           |       |       |       |       |       |       |     2 |    10 ||    12
 Invoke: Heroism           |       |       |       |     4 |    23 |    20 |    19 |    16 ||    82
         Finesse           |       |       |       |     1 |     9 |     7 |    12 |     8 ||    37
         Receive Weapon    |       |       |       |     1 |       |       |       |       ||     1
         Receive Armour    |       |       |       |     1 |       |       |       |       ||     1
         Duel              |       |       |       |       |       |       |     1 |       ||     1
  Evoke: Wand              |       |       |       |       |     2 |       |     2 |       ||     4
    Use: Scroll            |     2 |     6 |    10 |    10 |     7 |    12 |     4 |    10 ||    61
         Potion            |       |     2 |     1 |     5 |     3 |     7 |     3 |    10 ||    31
   Stab: Petrified         |       |       |       |       |     4 |       |       |       ||     4
 Armour: Scale mail        |    69 |   103 |   211 |   444 |    69 |       |       |       ||   896
         Plate armour      |    72 |       |       |       |       |       |       |       ||    72
         Chain mail        |    11 |    56 |       |       |       |       |       |       ||    67
         Crystal plate arm |       |       |       |       |   761 |  1789 |  1589 |  1279 ||  5418
         Skin              |       |       |       |       |       |       |     1 |       ||     1
  Dodge: Dodged            |    49 |    66 |    98 |   284 |   337 |   324 |   321 |   236 ||  1715
  Block: Buckler           |    31 |    35 |    48 |    11 |       |       |       |       ||   125
         Kite shield       |       |       |       |   316 |   718 |  1061 |  1014 |   868 ||  3977
         Reflection        |       |       |       |       |       |    45 |       |     5 ||    50
         Form:             |       |     1 |       |       |       |       |       |       ||     1
         Beast             |       |     1 |       |       |       |       |       |       ||     1

Table legend: (Time is in decaauts)
 A = Elapsed time spent in this place.
 B = Non-inter-level travel time spent in this place.
 C = Inter-level travel time spent in this place.
 D = Time resting spent in this place.
 E = Time spent auto-exploring this place.
 F = Levels seen in this place.
 G = Mean time per level.
                   A        B        C        D        E       F      G
               +--------+--------+--------+--------+--------+-----+--------+
         Total |  57955 |  52359 |   5596 |   2459 |  36640 |  57 | 1016.8 |
       Dungeon |  16257 |  14574 |   1683 |    781 |  10834 |  15 | 1083.8 |
        Temple |     41 |      8 |     33 |      0 |      0 |   1 |   41.0 |
          Lair |   6617 |   5798 |    819 |    113 |   4588 |   5 | 1323.4 |
         Swamp |   4264 |   4018 |    246 |    464 |   2424 |   4 | 1066.0 |
     Snake Pit |   6013 |   5617 |    396 |    221 |   3953 |   4 | 1503.2 |
    Slime Pits |   1487 |   1446 |     41 |     63 |    335 |   5 |  297.4 |
  Orcish Mines |   1960 |   1630 |    330 |    203 |   1166 |   2 |  980.0 |
   Elven Halls |   1902 |   1835 |     67 |    111 |   1216 |   2 |  951.0 |
        Vaults |   6676 |   5776 |    900 |    170 |   4217 |   4 | 1669.0 |
         Crypt |   4205 |   4033 |    172 |      0 |   2796 |   3 | 1401.7 |
        Depths |   5508 |   4699 |    809 |    152 |   3306 |   4 | 1377.0 |
           Zot |   2042 |   1948 |     94 |    111 |   1369 |   3 |  680.7 |
         Abyss |      5 |      5 |      0 |      0 |      0 |   1 |    5.0 |
       Ossuary |    287 |    287 |      0 |      0 |    206 |   1 |  287.0 |
        Bailey |    446 |    446 |      0 |      5 |    226 |   1 |  446.0 |
        Wizlab |    215 |    215 |      0 |     52 |      0 |   1 |  215.0 |
         Arena |     22 |     22 |      0 |     12 |      0 |   1 |   22.0 |
               +--------+--------+--------+--------+--------+-----+--------+

Top non-repeatable levels by time:
    D:13: 2196 daAuts
 Snake:3: 2098 daAuts
Vaults:1: 2096 daAuts
Vaults:2: 1918 daAuts
  Lair:3: 1800 daAuts
 Crypt:3: 1678 daAuts
 Snake:4: 1613 daAuts
Depths:1: 1526 daAuts
Depths:4: 1526 daAuts
 Crypt:2: 1442 daAuts
  Lair:5: 1434 daAuts
Vaults:3: 1349 daAuts
Vaults:4: 1310 daAuts
     D:4: 1302 daAuts
Depths:2: 1293 daAuts
